cohdb
Replays
Latest Replays
All Replays
Popular Replays
Top Player Replays
Match Explorer
How It Works
Community
CoH3 Stats
Reddit
Sign in to upload your games and track your stats! →
Sign in with Steam
Match 42627800
Unlisted
Match 42627800
Overview
Messages
Build Orders
End
Panzergrenadier Squad
Selects Armored Support Battlegroup
250 Light Carrier
Panzergrenadier Squad
Construct Light Support Kompanie
Combat Half-tracks
Fire Support Elements
Selects Superior Fire Drills
Selects Salvage Kits
Panzergrenadier Squad
Panzerjäger Squad
le.IG 18 Mechanized Group
Vehicle Survival Package
Construct Panzerarmee Kommand
Panzer III L Medium Tank
Emergency Repair Kits
Selects Panzer Storm
Panzer III L Medium Tank
MUDDYBOOTZ
(B)urn (L)oot (M)urder
Unsafe
Scrappy Coco
ok... leeets goooo...
leão são marinho
Pooh
ChesTerMUST
0
0
Comments
sign in to comment!
No comments posted yet!